 Dungeon Crawl Stone Soup version 0.17-a0-2098-gf59d6bc (webtiles) character file.

753 4thArraOfDagon the Chopper (level 7, -7/66 HPs)
             Began as a Deep Dwarf Berserker on Oct 17, 2015.
             Was a Believer of Trog.
             Mangled by derrpe's ghost (15 damage)
             ... on level 7 of the Dungeon.
             The game lasted 00:04:55 (788 turns).

4thArraOfDagon the Chopper (Deep Dwarf Berserker)    Turns: 788, Time: 00:04:56

Health: -7/66      AC: 11    Str: 21    XL:     7   Next: 49%
Magic:  6/6        EV:  8    Int:  9    God:    Trog [**....]
Gold:   141        SH:  0    Dex: 12    Spells: 0 memorised, 6 levels left

rFire  . . .     SeeInvis .     a - +0 hand axe
rCold  . . .     Clarity  .     b - +0 chain mail
rNeg   . . .     SustAt   .     (no shield)
rPois  .         Gourm    .     g - +0 helmet
rElec  .         Spirit   .     (no cloak)
rCorr  .         Warding  .     (no gloves)
rMut   .         Stasis   .     (no boots)
MR     +....                    (no amulet)
Stlth  ..........               (no ring)
                                (no ring)

@: exhausted, non-regenerating, slowed, very slow, somewhat resistant to hostile
enchantments, extremely unstealthy
A: damage resistance, recharge devices, sense surroundings 1, slow regeneration
3
a: Device Recharging, Burn Spellbooks, Berserk, Trog's Hand, Renounce Religion


You were on level 7 of the Dungeon.
You worshipped Trog.
Trog was pleased with you.
You were hungry.

You visited 1 branch of the dungeon, and saw 7 of its levels.

You collected 141 gold pieces.

Inventory:

Hand Weapons
 a - a +0 hand axe (weapon)
Armour
 b - a +0 chain mail (worn)
 g - a +0 helmet (worn)
 o - a +0 pair of boots
Wands
 c - a wand of heal wounds (1)
 m - a wand of digging (6)
 n - a wand of fireball (4)
Scrolls
 e - a scroll of teleportation {unknown}
 j - a scroll of recharging {unknown}
 k - 2 scrolls of amnesia {unknown}
 l - a scroll of enchant armour {unknown}
Potions
 f - a potion of curing
 i - a potion of lignification {unknown}
Comestibles
 d - a bread ration
 h - 2 chunks of flesh


   Skills:
 + Level 4.6 Fighting
 * Level 7.1 Axes
 + Level 5.1 Armour
 - Level 2.1 Dodging
 + Level 0.0 Evocations


You had 6 spell levels left.
You didn't know any spells.

Dungeon Overview and Level Annotations

Branches:
Dungeon (7/15)
 Temple: D:4-7

Altars:
Gozag

Annotations:
D:7 derrpe's ghost, novice TrTm


Innate Abilities, Weirdness & Mutations

You are resistant to damage.
You can recharge devices by infusing magical energy.
You passively map a small area around you.
You do not regenerate naturally.


Message History

You barely miss derrpe's ghost.
Derrpe's ghost is severely damaged.
Derrpe's ghost hits you!
* * * LOW HITPOINT WARNING * * *
Derrpe's ghost says, "What do you have that I didn't have?"
Derrpe's ghost hits you!
* * * LOW HITPOINT WARNING * * *
Evoke which item? (* to show all) (? for menu, Esc to quit)
Zapping:
c - a wand of heal wounds (2)
Press: ? - help, Shift-Dir - straight line, f - you You feel much better.
This wand has 1 charge left.
Derrpe's ghost hits you.
Eat one of 3 chunks of flesh? (ye/n/q/i?) This raw flesh tastes terrible.
You are feeling hungry.
Derrpe's ghost hits you!!
* * * LOW HITPOINT WARNING * * *
Derrpe's ghost hits you but does no damage.
You continue eating.
Derrpe's ghost hits you!
You die...

,, * **##.##
*#...# ..... ,* *
...*, , , , ,,
... , * * #.# ,
#)# , * #@#*
#W#*, , #l#* * *
######### #.#
#.......## #.#
#.....### #.# *,
#.......# #.# *
##..#..#.# ##.##
#......#.###...##


You could see an iguana and derrpe's ghost.

Vanquished Creatures
  Duvessa (D:6)
  A sky beast (D:7)
  2 ogres (D:6)
  A big kobold (D:7)
  A centaur (D:7)
  Dowan (D:6)
  A giant frog (D:6)
  A crimson imp (D:7)
  Jessica (D:3)
  A hound zombie (D:6)
  2 adders
  A worm (D:2)
  4 orcs
  A giant cockroach (D:1)
  4 goblins (D:3)
  5 hobgoblins
  8 jackals
  A ball python (D:1)
  A bat (D:2)
  2 giant newts
  4 kobolds
  3 rats
47 creatures vanquished.

Notes
Turn   | Place    | Note
--------------------------------------------------------------
     0 | D:1      | 4thArraOfDagon the Deep Dwarf Berserker began the quest for the Orb.
     0 | D:1      | Reached XP level 1. HP: 20/20 MP: 1/1
    46 | D:1      | Reached XP level 2. HP: 24/27 MP: 2/2
   147 | D:3      | Noticed Jessica
   153 | D:3      | Killed Jessica
   153 | D:3      | Reached skill level 4 in Axes
   153 | D:3      | Reached XP level 3. HP: 34/34 MP: 3/3
   199 | D:3      | Reached ** piety under Trog
   300 | D:3      | Reached XP level 4. HP: 21/42 MP: 4/4
   333 | D:5      | Entered Level 5 of the Dungeon
   339 | D:6      | Noticed Dowan
   340 | D:6      | Noticed Duvessa
   351 | D:6      | Killed Duvessa
   351 | D:6      | Reached skill level 5 in Axes
   351 | D:6      | Reached XP level 5. HP: 27/49 MP: 5/5
   354 | D:6      | Killed Dowan
   381 | D:6      | Noticed a giant frog
   393 | D:6      | Killed a giant frog
   393 | D:6      | Reached XP level 6. HP: 38/57 MP: 6/6
   403 | D:6      | Noticed an ogre
   435 | D:6      | Noticed an ogre
   444 | D:6      | Killed an ogre
   444 | D:6      | Reached skill level 6 in Axes
   444 | D:6      | Killed an ogre
   569 | D:7      | Reached XP level 7. HP: 53/66 MP: 7/7
   570 | D:7      | Reached skill level 5 in Armour
   571 | D:7      | Reached skill level 7 in Axes
   616 | D:7      | Noticed derrpe's ghost (novice TrTm)
   715 | D:7      | Found an opulent altar of Gozag.
   781 | D:7      | HP: 3/66 [derrpe's ghost (12)]
   788 | D:7      | Mangled by derrpe's ghost

Vault maps used:
D:1:      eino_arrival_water_cross
D:2:      grunt_qazlal_clouds, grunt_ministairs_14
D:3:      serial_bayou_pond_c, guppyfry_early_orc_mine, uniq_jessica,
          uniq_terence
D:4:      nemelex_deck
D:5:      elyvilon_altar_3, first_bread, minivault_19
D:6:      overflow_temple_1_default, kennysheep_little_box,
          minmay_temple_entry_grid, basic_altar, uniq_prince_ribbit1,
          uniq_duvessa
D:7:      lemuel_crystal_altar, lemuel_coloured_pillars_altar,
          gammafunk_temple_overflow_pools, nicolae_gozag_seed_capital

Action                   |  1- 3 |  4- 6 |  7- 9 || total
-------------------------+-------+-------+-------++-------
Melee: Hand axe          |    74 |    46 |    27 ||   147
Invok: Berserk           |     3 |     3 |     1 ||     7
       Trog's Hand       |     1 |     4 |     2 ||     7
 Abil: Device Recharging |       |       |     1 ||     1
Evoke: Wand              |       |       |     8 ||     8
  Use: Scroll            |       |       |     2 ||     2
  Eat: Chunk             |     1 |     4 |     2 ||     7
